 Dungeon Crawl Stone Soup version 0.31-a0-112-gdf0485fa37 (webtiles) character file.

Game seed: 8360684580167067996

511 Drazool the Shooter (level 7, -1/90 HPs)
             Began as a Naga Hunter on May 28, 2023.
             Slain by an ogre
             ... wielding a +0 giant spiked club
              (15 damage)
             ... on level 5 of the Dungeon.
             The game lasted 00:10:48 (3819 turns).

Drazool the Shooter (Naga Hunter)                   Turns: 3819, Time: 00:10:49

Health: -1/90      AC: 23    Str: 14    XL:     7   Next: 19%
Magic:  7/7        EV:  1    Int:  9    God:
Gold:   191        SH:  0    Dex: 16    Spells: 6/6 levels left

rFire   + . .        a - +0 shortbow
rCold   + . .        (shield currently unavailable)
rNeg    . . .        c - melded +0 leather armour
rPois   +            (helmet currently unavailable)
rElec   +            (cloak currently unavailable)
rCorr   +            (gloves currently unavailable)
SInv    +            (no barding)
Will    .....        (no amulet)
Stlth   ++           (no ring)
HPRegen 0.35/turn    (no ring)
MPRegen 0.10/turn

%: no passive effects
@: tree-form, resistant
A: stationary, stasis, torment immunity, boosted hp, AC +2, large, see
invisible, (deformed body), (poison resistance), (slowness 2), spit poison 1,
(naga tail 1)
a: Spit Poison


You were on level 5 of the Dungeon.
You were a tree.
You visited 1 branch of the dungeon, and saw 5 of its levels.

You collected 191 gold pieces.


Innate Abilities, Weirdness & Mutations

You are a tree.
Your roots penetrate the ground, keeping you stationary.
You cannot be teleported.
You are immune to unholy pain and torment.
Your maximum health is greatly increased.
Your equipment is partially melded.
((Your serpentine skin is tough. (AC +2)))
You have supernaturally acute eyesight. (SInv)
((Armour fits poorly on your strangely shaped body.))
((Your system is resistant to poisons. (rPois)))
((You cover ground very slowly.))
You can spit poison.
((You have a snake-like lower body.))


   Skills:
 - Level 2.0 Fighting
 + Level 7.7 Ranged Weapons
 - Level 1.5 Dodging
 - Level 1.5 Stealth


You had 6 spell levels left.
You didn't know any spells.
Your spell library contained the following spells:

 Spells                   Type           Power      Damage    Failure   Level
 Slow                     Hex            0%         N/A       38%         1
 Confusing Touch          Hex            0%         N/A       77%         3
 Vampiric Draining        Necr           0%         2d6       77%         3

Inventory:

Hand Weapons
 a - a +0 shortbow (weapon)
 i - the +8 spear of a volcano {flame, rC+ rN++ Will- rCorr}
   (You took it off an orc on level 5 of the Dungeon)

   rC:        It protects you from cold.
   rN:        It greatly protects you from negative energy.
   rCorr:     It protects you from acid and corrosion.
   Will:      It decreases your willpower.
 n - a +3 short sword
Armour
 c - a +0 leather armour (melded)
Jewellery
 F - a ring of fire
Wands
 q - a wand of flame (9)
Scrolls
 b - a scroll of immolation
 e - a scroll of poison {unknown}
 g - a scroll of enchant weapon {unknown}
 l - a scroll of torment {unknown}
 m - a scroll of noise {unknown}
Potions
 d - a potion of cancellation
 h - a potion of brilliance {unknown}
 j - a potion of ambrosia {unknown}

Dungeon Overview and Level Annotations

Branches:
Dungeon (5/15)
 Temple: D:4-7

Altars:

Annotations:
D:3 1 runed translucent door, Liamsmithers's ghost, amateur GrFi
D:5 Prince Ribbit

#.....#
#....)####≈≈...##
#.....#
#................
#.....#
###++###........##
#..>..# #.....
#..#....## #####..
#.≈≈. §#########
##. #... §.# #
#.≈░...# #O≈.≈≈.#
#♣S....# ###++###


You could see an ogre and an adder.


Message History

Unknown command.
You shoot an arrow. The arrow misses the adder.
The ogre hits you but does no damage. The adder bites you but does no damage.
Unknown command.
You shoot an arrow. The arrow hits the adder.
The adder is lightly wounded.
The adder bites you but does no damage.
The ogre hits you with a +0 giant spiked club!
* * * LOW HITPOINT WARNING * * *
The adder bites you.
* * * LOW HITPOINT WARNING * * *
You shoot an arrow.
The arrow hits the adder but does no damage.
The adder is lightly wounded.
The adder bites you but does no damage.
Unknown command.
You shoot an arrow. The arrow misses the adder.
The ogre hits you with a +0 giant spiked club.
* * * LOW HITPOINT WARNING * * *
The adder bites you but does no damage.
Unknown command.
You shoot an arrow. The arrow closely misses the adder.
The adder bites you but does no damage.
The ogre hits you with a +0 giant spiked club!
* * * LOW HITPOINT WARNING * * *
Unknown command.
You shoot an arrow. The arrow barely misses the adder.
The adder bites you but does no damage. x2
The ogre hits you with a +0 giant spiked club!
You die...

Skill      XL: |  1  2  3  4  5  6 |
---------------+-------------------+-----
Ranged Weapons | 4 5 6 7 |  7.7
Fighting       | |  2.0
Dodging        | |  1.5
Stealth        | |  1.5

Action                     |  1- 3 |  4- 6 |  7- 9 || total
---------------------------+-------+-------+-------++-------
   Fire: Shortbow          |    71 |   187 |    29 ||   287
Ability: Spit Poison       |     6 |    23 |     4 ||    33
    Use: Potion            |       |     1 |     4 ||     5
         Scroll            |       |     4 |     3 ||     7
 Armour: Leather armour    |     5 |    24 |     8 ||    37
         Skin              |       |       |    14 ||    14
  Dodge: Dodged            |    11 |    43 |    23 ||    77

Levels and vault maps discovered:
D:1:      zelgadis_glass_arrival_large, layout_basic,
          chequers_ecumenical_altar_grove, chequers_serial_rivers_micro_d,
          reono_crystal_passage
D:2:      layout_basic
D:3:      layout_rooms, ebering_ghost_sewer_d
D:4:      layout_basic
D:5:      layout_basic, roderic_nine_men_s_morris, kb_lookout_dungeons_type,
          kennysheep_generic_room_12, uniq_prince_ribbit1

Notes
Turn   | Place    | Note
-------+----------+-------------------------------------------
     0 | D:1      | Drazool the Naga Hunter began the quest for the Orb.
     0 | D:1      | Reached XP level 1. HP: 19/19 MP: 1/1
    84 | D:1      | Found a faded altar of an unknown god.
   159 | D:1      | Reached skill level 4 in Ranged Weapons
   159 | D:1      | Reached XP level 2. HP: 26/26 MP: 2/2
   694 | D:2      | Reached XP level 3. HP: 32/32 MP: 3/3
  1090 | D:2      | Reached skill level 5 in Ranged Weapons
  1090 | D:2      | Reached XP level 4. HP: 13/39 MP: 4/4
  1583 | D:2      | Reached XP level 5. HP: 42/45 MP: 5/5
  1850 | D:3      | Found a runed translucent door.
  1918 | D:3      | Reached skill level 6 in Ranged Weapons
  2147 | D:3      | Noticed Liamsmithers's ghost (amateur GrFi)
  2346 | D:4      | Reached XP level 6. HP: 52/52 MP: 6/6
  2575 | D:4      | Noticed a black bear
  2590 | D:4      | Killed a black bear
  2591 | D:4      | Reached skill level 7 in Ranged Weapons
  3108 | D:5      | Entered Level 5 of the Dungeon
  3308 | D:5      | Identified the +8 spear of a volcano {flame, rC+ rN++ Will-
                  | rCorr}
  3431 | D:5      | Reached XP level 7. HP: 60/60 MP: 7/7
  3777 | D:5      | Noticed Prince Ribbit
  3809 | D:5      | Identified a potion of resistance
  3819 | D:5      | Slain by an ogre

Vanquished Creatures
  A black bear (D:4)
  A centaur (D:5)
  A howler monkey (D:2)
  A hound (D:4)
  A jelly (D:4)
  An orc wizard (D:5)
  3 gnolls (D:2)
  10 adders
  2 worms
  A dart slug (D:3)
  15 orcs
  6 ball pythons
  8 bats
  9 endoplasms
  4 giant cockroaches
  6 goblins
  4 hobgoblins
  5 kobolds
  3 quokkas
  A frilled lizard (D:1)
  3 rats
86 creatures vanquished.

Table legend: (Time is in decaauts)
 A = Elapsed time spent in this place.
 B = Non-inter-level travel time spent in this place.
 C = Inter-level travel time spent in this place.
 D = Time resting spent in this place.
 E = Time spent auto-exploring this place.
 F = Levels seen in this place.
 G = Mean time per level.
                   A        B        C        D        E       F      G
               +--------+--------+--------+--------+--------+-----+--------+
         Total |   4866 |   4602 |    264 |    624 |   3294 |   5 |  973.2 |
       Dungeon |   4866 |   4602 |    264 |    624 |   3294 |   5 |  973.2 |
               +--------+--------+--------+--------+--------+-----+--------+

Top non-repeatable levels by time:
     D:4: 1361 daAuts
     D:2: 1284 daAuts
     D:1: 870 daAuts
     D:3: 719 daAuts
     D:5: 630 daAuts

Table legend:
 A = Non-vault XP
 B = Vault XP
 C = Vault XP percentage of total XP
 D = Non-vault monster count
 E = Vault monster count
 F = Vault count percentage of total count
                 A         B        C        D         E       F
            +---------+---------+-------+---------+---------+-------
      Total |     621 |     110 |  15.0 |      85 |       1 |   1.2
            +---------+---------+-------+---------+---------+-------
        D:1 |      29 |       0 |   0.0 |      18 |       0 |   0.0
        D:2 |     150 |       0 |   0.0 |      19 |       0 |   0.0
        D:3 |      66 |       0 |   0.0 |      15 |       0 |   0.0
        D:4 |     299 |       0 |   0.0 |      22 |       0 |   0.0
        D:5 |      77 |     110 |  58.8 |      11 |       1 |   8.3
            +---------+---------+-------+---------+---------+-------
